 Dungeon Crawl Stone Soup version 0.20.0-14-g326068f (webtiles) character file.

30 sagitran the Grave Robber (level 3, -3/24 HPs)
             Began as a Demonspawn Necromancer on June 8, 2017.
             Slain by Terence
             ... wielding a +0 hand axe
              (5 damage)
             ... on level 2 of the Dungeon.
             The game lasted 00:31:19 (1058 turns).

sagitran the Grave Robber (Demonspawn Necromancer)  Turns: 1058, Time: 00:31:20

Health: -3/24      AC:  2    Str:  8    XL:     3   Next: 3%
Magic:  0/6        EV: 12    Int: 17    God:
Gold:   47         SH:  0    Dex: 13    Spells: 1/6 levels left

rFire    . . .     SeeInvis .   h - +0 spear
rCold    . . .     Gourm    .   (no shield)
rNeg     . . .     Faith    .   a - +0 robe
rPois    .         Spirit   .   (no helmet)
rElec    .         Reflect  .   (no cloak)
rCorr    .         Harm     .   (no gloves)
MR       .....                  (no boots)
Stlth    +++.......             (no amulet)
Regen    0.1/turn               d - ring of stealth
MPRegen  0.1/turn               (no ring)

@: no status effects
A: hooves 1
a: no special abilities


You were on level 2 of the Dungeon.
You were hungry.

You visited 1 branch of the dungeon, and saw 2 of its levels.

You collected 47 gold pieces.

Inventory:

Hand Weapons
 f - a +0 club
 h - a +0 spear (weapon)
Missiles
 g - 3 javelins of returning (quivered)
 i - 3 tomahawks
Armour
 a - a +0 robe (worn)
Jewellery
 d - a ring of stealth (left hand)
Scrolls
 e - 2 scrolls of recharging
Books
 b - a book of Necromancy

   Spells                             Type                      Level
   a - Pain                           Necromancy                   1
   b - Animate Skeleton               Necromancy                   1
   c - Vampiric Draining              Necromancy                   3
   d - Regeneration                   Charms/Necromancy            3
   e - Animate Dead                   Necromancy                   4
   f - Control Undead                 Necromancy                   4
Comestibles
 c - 2 bread rations


   Skills:
 + Level 2.0 Dodging
 + Level 1.9 Stealth
 * Level 2.1 Spellcasting
 * Level 5.2 Necromancy


You had one spell level left.
You knew the following spells:

 Your Spells              Type           Power        Failure   Level  Hunger
a - Pain                  Necr           ###.         2%          1    #......
b - Animate Skeleton      Necr           N/A          2%          1    #......
c - Vampiric Draining     Necr           ###.......   7%          3    ###....


Dungeon Overview and Level Annotations

Branches:
Dungeon (2/15)

Altars:
Xom

Annotations:
D:2 Terence


Innate Abilities, Weirdness & Mutations

You have large cloven feet.


Message History

Casting: Pain
Confirm with . or Enter, or press ? or * to list all spells.
Aiming: Pain
Press: ? - help, Shift-Dir - straight line, f/p - Terence
Aim: Terence, wielding a hand axe and wearing a scale mail (heavily wounded, chance to defeat MR: 84%) Terence barely resists.
Terence says, "Did you write a will?
You should..."
The hobgoblin misses you.
You hit the hobgoblin but do no damage.
You kick the hobgoblin, but do no damage.
Terence hits you but does no damage. The hobgoblin misses you.
You hit the hobgoblin.
The hobgoblin is severely wounded.
Terence barely misses you.
The hobgoblin hits you but does no damage.
You hit the hobgoblin.
You kill the hobgoblin!
Your Dodging skill increases to level 2!
Terence hits you with a hand axe.
You die...

#.......####
#..%........
#.......#
#.#.<.#.#
#...(...#
####..###
##.# #@# #@#
#)# #.# #(#
#.# #.# #!.
##.


You could see Terence.

Vanquished Creatures
  An adder (D:2)
  An ooze (D:1)
  A giant cockroach (D:1)
  2 hobgoblins
  2 kobolds (D:1)
  2 bats (D:1)
  2 frilled lizards (D:1)
  4 goblins (D:1)
  2 rats (D:1)
17 creatures vanquished.

Notes
Turn   | Place    | Note
-------+----------+-------------------------------------------
     0 | D:1      | sagitran the Demonspawn Necromancer began the quest for the Orb.
     0 | D:1      | Reached XP level 1. HP: 13/13 MP: 3/3
   113 | D:1      | Learned a level 1 spell: Animate Skeleton
   249 | D:1      | Gained mutation: You have large cloven feet. [demonic ancestry]
   249 | D:1      | Reached XP level 2. HP: 11/19 MP: 5/5
   256 | D:1      | Reached skill level 5 in Necromancy
   460 | D:1      | Found a shimmering altar of Xom.
   462 | D:1      | Found an ancient bone altar of Kikubaaqudgha.
   462 | D:1      | Found a hide-covered altar of Uskayaw.
   464 | D:1      | Found a shimmering altar of Xom.
   464 | D:1      | Found a stormy altar of Qazlal.
   464 | D:1      | Found a deep blue altar of Sif Muna.
  1035 | D:2      | Noticed Terence
  1039 | D:2      | Reached XP level 3. HP: 16/24 MP: 6/6
  1044 | D:2      | Learned a level 3 spell: Vampiric Draining
  1058 | D:2      | Slain by Terence

Skill      XL: |  1  2  3 |
---------------+----------+-----
Necromancy     | 5 |  5.2
Dodging        | 2 |  2.0
Stealth        | |  1.9
Spellcasting   | |  2.1

Action                   || total
-------------------------++-------
Melee: Spear             ||    38
       Kick              ||     4
Throw: Javelin           ||     6
 Cast: Pain              ||     6
       Animate Skeleton  ||     2
       Vampiric Draining ||     1
  Use: Scroll            ||     2
 Stab: Sleeping          ||     4
Armor: Robe              ||     5
Dodge: Dodged            ||    29
